Map: Central Protocol

Players

Nietz

  • Race: Zerg Zerg

DeMusliM - Winner!

  • Race: Terran Terran

VOD

Have the link to the VOD?

Description

Time

  • Played on: Nov. 9, 2015, 8:14 p.m.
  • Length: 7:54
Show
View Real Time Build Order
Export as new Build Order

Nietz Zerg 

Build Orders: Hatch First 

Get SALT Encoding   

  12  0:01  Drone  
  13  0:13  Overlord  
  13  0:17  Drone  
  14  0:25  Drone, Extractor  
  15  0:31  Drone  
  16  0:37  Drone  
  17  0:45  Drone  
  18  1:04  Hatchery  
  17  1:12  Spawning Pool  
  17  1:13  Drone  
  17  1:17  Extractor  
  16  1:18  Drone  
  16  1:22  Drone  
  18  1:28  Drone  
  19  1:45  Overlord  
  19  1:58  Queen  
  19  2:00  Zergling x2  
  22  2:03  Zergling x2  
  23  2:12  Zergling x2  
  24  2:16  Queen  
  24  2:18  Zergling x2  
  27  2:31  Metabolic Boost  
  27  2:38  Queen  
  27  2:40  Drone x4  
  33  2:47  Drone  
  33  2:49  Overlord  
  34  3:03  Drone x2  
  36  3:20  Zergling x10  
  36  3:22  Lair  
  36  3:26  Drone x3  
  44  3:45  Overlord, Roach Warren  
  44  3:47  Drone  
  44  3:49  Baneling Nest  
  43  3:56  Drone  
  43  3:57  Overlord  
  43  4:21  Drone x6  
  43  4:22  Drone  
  50  4:24  Extractor  
  50  4:27  Evolution Chamber  
  48  4:36  Drone x4  
  52  4:48  Evolution Chamber  
  52  4:49  Hatchery  
  50  4:57  Drone x2  
  50  4:58  Drone x3  
  50  4:59  Extractor  
  54  5:02  Zerg Missile Weapons Level 1  
  54  5:08  Roach x2  
  54  5:09  Zergling x2  
  59  5:16  Overlord  
  59  5:22  Roach  
  47  5:36  Roach x3  
  47  5:37  Zergling x4  
  47  5:48  Roach x2  
  47  5:49  Zergling x6  
  43  5:50  Queen  
  43  5:56  Spore Crawler  
  37  6:02  Drone x5  
  40  6:13  Drone  
  40  6:14  Drone  
  40  6:21  Drone  
  40  6:24  Spore Crawler  
  40  6:26  Spore Crawler  
  40  6:29  Drone x2  
  40  6:44  Drone x3  
  31  7:02  Drone x2  
  31  7:03  Drone x3  
  37  7:15  Zergling x4  
  37  7:16  Zergling x8  
  42  7:26  Zergling x8  
Show
View Real Time Build Order
Export as new Build Order

DeMusliM Terran - Winner!

Build Orders: Reaper Expand, Hellion Banshee 

Get SALT Encoding   

  12  0:01  SCV  
  13  0:13  SCV  
  14  0:21  Supply Depot  
  14  0:25  SCV  
  15  0:43  SCV, Barracks  
  15  0:46  Refinery  
  16  0:55  SCV  
  17  1:07  SCV  
  18  1:19  SCV  
  19  1:31  Orbital Command  
  19  1:32  Reaper  
  20  1:41  Command Center  
  20  1:49  Refinery  
  20  1:56  Supply Depot  
  20  1:58  SCV  
  21  2:11  SCV  
  21  2:12  Factory  
  22  2:21  Barracks Reactor  
  22  2:23  SCV  
  23  2:35  SCV  
  24  2:47  SCV  
  24  2:49  Supply Depot  
  25  2:59  SCV  
  25  3:01  Orbital Command  
  26  3:05  Starport  
  26  3:09  Hellion x2  
  26  3:11  SCV  
  31  3:17  Barracks Tech Lab  
  31  3:22  Supply Depot  
  31  3:23  SCV  
  31  3:26  SCV  
  33  3:31  Hellion x2  
  37  3:35  SCV  
  37  3:38  SCV  
  39  3:47  SCV  
  39  3:48  Bunker  
  40  3:50  SCV  
  40  3:52  Banshee  
  44  3:55  Barracks Tech Lab  
  44  4:01  Hellion x2  
  48  4:07  SCV x2  
  47  4:19  SCV x2  
  47  4:22  Hellion x2  
  53  4:27  Command Center  
  53  4:31  SCV x2  
  53  4:36  Stimpack  
  55  4:43  SCV x2  
  55  4:44  Engineering Bay x2  
  57  4:48  Starport Reactor  
  57  4:53  Factory Reactor  
  57  4:55  SCV x2  
  59  5:01  Barracks  
  59  5:02  Barracks  
  59  5:08  SCV x2  
  59  5:11  Terran Infantry Weapons Level 1, Terran Infantry Armor Level 1  
  61  5:21  Marine  
  54  5:49  SCV x2, Refinery, Marine  
  52  5:50  Refinery, Marine  
  52  5:52  Medivac x2  
  52  5:55  Barracks  
  52  5:56  Barracks  
  56  5:58  Marine x2  
  56  5:59  Barracks x3, Marauder  
  56  6:04  Armory  
  60  6:06  Orbital Command  
  60  6:07  Marine x2  
  62  6:16  Marine x2  
  64  6:20  Marauder  
  64  6:23  Supply Depot  
  64  6:25  Supply Depot, Marine x2  
  66  6:27  Supply Depot  
  66  6:29  Medivac  
  66  6:30  Medivac  
  72  6:39  Marine x2  
  73  6:41  Marauder  
  73  6:42  SCV  
  73  6:45  SCV  
  77  6:50  Marine  
  77  6:51  Marine  
  80  7:00  Marine  
  80  7:01  Marine x2  
  81  7:02  Marine x2  
  81  7:07  SCV x2  
  85  7:13  Marine, Orbital Command  
  85  7:14  Marauder  
  85  7:15  Supply Depot x2, Medivac x2  
  90  7:17  Supply Depot, Marine  
  90  7:18  Marine  
  90  7:19  SCV x2  
  96  7:26  Marauder, Marine  
  99  7:31  SCV x2  
  99  7:36  Supply Depot  
Tags
 
Add a new tag
Caveats
  • Supply blocks, unpowered buildings, or Contaminate may cause inaccurate times.
  • Supply counts are checked every 10 seconds.